 Dungeon Crawl Stone Soup version 0.21.1-1-g345015f (webtiles) character file.

99 Mirai the Magician (level 4, -1/24 HPs)
             Began as a Deep Elf Conjurer on Mar 28, 2018.
             Slain by a gnoll
             ... wielding a +0 flail
              (12 damage)
             ... on level 2 of the Dungeon.
             The game lasted 00:03:47 (1602 turns).

Mirai the Magician (Deep Elf Conjurer)              Turns: 1602, Time: 00:03:48

Health: -1/24      AC:  2    Str:  5    XL:     4   Next: 45%
Magic:  0/14       EV: 13    Int: 21    God:
Gold:   68         SH:  0    Dex: 15    Spells: 13/16 levels left

rFire    . . .     SeeInvis .   f - +1 whip (vamp)
rCold    . . .     Gourm    .   (no shield)
rNeg     . . .     Faith    .   a - +0 robe
rPois    .         Spirit   .   (no helmet)
rElec    .         Reflect  .   (no cloak)
rCorr    .         Harm     .   (no gloves)
MR       .....                  (no boots)
Stlth    ++........             (no amulet)
HPRegen  0.08/turn              (no ring)
MPRegen  0.14/turn              (no ring)

@: no status effects
A: no striking features
a: no special abilities


You were on level 2 of the Dungeon.
You were very hungry.

You visited 1 branch of the dungeon, and saw 3 of its levels.

You collected 68 gold pieces.

Inventory:

Hand Weapons
 f - a +1 vampiric whip (weapon)
Armour
 a - a +0 robe (worn)
Scrolls
 c - 2 scrolls of identify {unknown}
 e - a scroll of immolation {unknown}
 j - a scroll of amnesia {unknown}
 k - a scroll of enchant weapon {unknown}
Books
 b - a book of Conjurations

   Spells                             Type                      Level
   a - Magic Dart                     Conjuration                  1
   b - Searing Ray                    Conjuration                  2
   c - Dazzling Spray                 Conjuration/Hexes            3
   d - Fulminant Prism                Conjuration/Hexes            4
   e - Force Lance                    Conjuration/Translocation    4
   f - Iskenderun's Mystic Blast      Conjuration                  4
Comestibles
 h - 2 rations


   Skills:
 - Level 2.4 Dodging
 - Level 2.4 Stealth
 + Level 6.5 Spellcasting
 - Level 4.3 Conjurations


You had 13 spell levels left.
You knew the following spells:

 Your Spells              Type           Power        Failure   Level  Hunger
a - Magic Dart            Conj           ####         1%          1    None
b - Searing Ray           Conj           ####..       2%          2    None


Dungeon Overview and Level Annotations

Branches:
Dungeon (3/15)

Altars:


Message History

Casting: Magic Dart
Confirm with . or Enter, or press ? or * to list all spells.
Aiming: Magic Dart
Press: ? - help, Shift-Dir - straight line, f/p - gnoll
Aim: a gnoll, wielding a flail (moderately wounded)
The magic dart hits the gnoll.
The gnoll is severely wounded.
The gnoll completely misses you.
Casting: Magic Dart
Confirm with . or Enter, or press ? or * to list all spells.
Aiming: Magic Dart
Press: ? - help, Shift-Dir - straight line, f/p - gnoll
Aim: a gnoll, wielding a flail (severely wounded)
The magic dart hits the gnoll.
The gnoll is severely wounded.
You hit the gnoll but do no damage.
The gnoll is severely wounded.
The gnoll hits you with a flail!
Ouch! That really hurt!
You die...

....#####...#.##.#
.........(..#.##.##
..................#
.........###.###### .........#
#.##.# .........#
#....############## ###......#
####..............#
..PP≈()####################.##
.P≈PP..........g@.....#####.#
..≈PPPP≈≈############.....#.#
.P≈≈≈♣≈PPPP### #.###.#.#
...PP≈≈≈♣P.P≈#### #.# #.#.#
...P..P≈≈♣≈≈PPPP#########.#.#
..####.PPP♣≈≈≈P.P.........#.#
########.P♣≈♣≈≈PP##########.#
.......PPPP♣♣≈≈≈............#
.##.###≈PP♣♣≈≈≈PP.###########


You could see a gnoll.

Vanquished Creatures
  A gnoll (D:3)
  5 adders
  3 dart slugs
  A leopard gecko (D:1)
  4 bats
  A giant cockroach (D:1)
  9 goblins
  4 hobgoblins
  3 kobolds
  2 frilled lizards (D:2)
  5 rats
38 creatures vanquished.

Vanquished Creatures (others)
  A plant (D:2)
1 creature vanquished.

Grand Total: 39 creatures vanquished

Notes
Turn   | Place    | Note
-------+----------+-------------------------------------------
     0 | D:1      | Mirai the Deep Elf Conjurer began the quest for the Orb.
     0 | D:1      | Reached XP level 1. HP: 10/10 MP: 6/6
   121 | D:1      | Reached skill level 4 in Spellcasting
   121 | D:1      | Reached XP level 2. HP: 15/15 MP: 5/9
   130 | D:1      | Learned a level 2 spell: Searing Ray
   696 | D:2      | Reached skill level 5 in Spellcasting
   696 | D:2      | Reached XP level 3. HP: 19/19 MP: 7/11
   960 | D:2      | Reached skill level 6 in Spellcasting
   960 | D:2      | Reached XP level 4. HP: 12/24 MP: 8/14
  1602 | D:2      | Slain by a gnoll

Skill      XL: |  1  2  3 |
---------------+----------+-----
Spellcasting   | 4 5 6 |  6.5
Dodging        | |  2.4
Stealth        | |  2.4
Conjurations   | |  4.3

Action                   |  1- 3 |  4- 6 || total
-------------------------+-------+-------++-------
Melee: Whip              |     4 |     3 ||     7
 Cast: Magic Dart        |    53 |    17 ||    70
       Searing Ray       |       |     2 ||     2
  Use: Potion            |       |     2 ||     2
  Eat: Ration            |     1 |       ||     1
       Chunk             |     1 |     1 ||     2
Armor: Robe              |     1 |       ||     1
Dodge: Dodged            |    14 |     8 ||    22
